 Dungeon Crawl Stone Soup version 0.30-a0-311-gf115ab0292 (webtiles) character file.

Game seed: 10220421139841615451

2837 Lobster4 the Skirmisher (level 9, -5/71 HPs)
             Began as a Gnoll Hunter on Oct 25, 2022.
             Slain by a human
             ... wielding a +2 vorpal hand axe
              (9 damage)
             ... in a bailey on Oct 26, 2022.
             The game lasted 00:20:41 (6728 turns).

Lobster4 the Skirmisher (Gnoll Hunter)              Turns: 6728, Time: 00:20:42

Health: -5/71      AC:  9    Str: 10    XL:     9   Next: 74%
Magic:  16/16      EV: 14    Int: 13    God:
Gold:   413        SH:  0    Dex: 21    Spells: 16/17 levels left

rFire   + . .      SeeInvis .    b - +4 dagger "Morg" {pain, Will+ Int+5}
rCold   . . .      Faith    .    (no shield)
rNeg    . . .      Spirit   .    l - +0 ring mail
rPois   +          Reflect  .    (no helmet)
rElec   .          Harm     .    (no cloak)
rCorr   .          Rampage  .    F - +2 pair of gloves
Will    +....                    (no boots)
Stlth   +++.......               h - amulet of magic regeneration
HPRegen 0.31/turn                D - ring of poison resistance
MPRegen 0.55/turn                m - ring of protection from fire

@: no status effects
A: fangs 1, strong nose, distributed training
a: no special abilities


You were in a bailey.
You visited 2 branches of the dungeon, and saw 9 of its levels.
You also visited: Bailey.

You collected 452 gold pieces.
You spent 39 gold pieces at shops.

Inventory:

Hand Weapons
 a - a +1 shortbow
 b - the +4 dagger "Morg" (weapon) {pain, Will+ Int+5}
   (You found it on level 5 of the Dungeon)

   In the hands of one skilled in necromantic magic, it inflicts extra damage on
   living creatures.
   Int:       It affects your intelligence (+5).
   Will:      It increases your willpower.
 j - a +0 dagger of venom
 v - a +0 sling
 w - a +0 short sword of protection
 C - a +0 rapier
 L - the +9 flail of Itiuxu {holy, rN+}
   (You found it on level 7 of the Dungeon)

   It has been blessed by the Shining One to cause great damage to the undead
   and demons.
   rN:        It protects you from negative energy.
Missiles
 g - 13 boomerangs
 s - 6 poisoned darts
 z - 7 javelins
Armour
 c - a +0 leather armour
 l - a +0 ring mail (worn)
 r - +0 ice dragon scales
 F - a +2 pair of gloves (worn)
 G - a scarf of harm
Magical Staves
 A - a staff of fire
Jewellery
 e - a ring of flight
 h - an amulet of magic regeneration (around neck)
 i - a ring of wizardry
 m - a ring of protection from fire (right hand)
 x - a ring of positive energy
 D - a ring of poison resistance (left hand)
 E - a +6 ring of strength
 I - a ring of resist corrosion
Wands
 H - a wand of flame (1)
 M - a wand of digging (7)
Scrolls
 d - 2 scrolls of immolation
 o - a scroll of amnesia
 y - a scroll of blinking
 B - a scroll of noise {unknown}
Potions
 f - 2 potions of brilliance
 k - a potion of flight
 p - a potion of curing


   Skills:
 + Level 6.6 Fighting
 + Level 4.7 Short Blades
 + Level 4.7 Long Blades
 + Level 4.7 Axes
 + Level 4.7 Maces & Flails
 + Level 4.7 Polearms
 + Level 4.7 Staves
 + Level 9.8 Ranged Weapons
 + Level 4.7 Throwing
 + Level 4.7 Armour
 + Level 6.6 Dodging
 + Level 5.3 Stealth
 + Level 4.7 Shields
 + Level 4.7 Unarmed Combat
 + Level 4.7 Spellcasting
 + Level 3.9 Conjurations
 + Level 3.9 Hexes
 + Level 3.9 Summonings
 + Level 3.9 Necromancy
 + Level 3.9 Translocations
 + Level 3.9 Transmutations
 + Level 3.9 Fire Magic
 + Level 3.9 Ice Magic
 + Level 3.9 Air Magic
 + Level 3.9 Earth Magic
 + Level 3.9 Poison Magic
 + Level 5.2 Invocations
 + Level 4.7 Evocations


You had 16 spell levels left.
You knew the following spells:

 Your Spells              Type           Power      Damage    Failure   Level
a - Apportation           Tloc           26%        N/A       9%          1

Your spell library contained the following spells:

 Spells                   Type           Power      Damage    Failure   Level
 Beastly Appendage        Tmut           26%        N/A       9%          1
 Wereblood                Tmut           13%        N/A       14%         2
 Kindle Blastsparks       Fire/Tloc/Air  26%        2d12      26%         3
 Spider Form              Tmut/Pois      13%        N/A       26%         3
 Animate Armour           Summ/Erth      26%        N/A       65%         4
 Fulminant Prism          Conj/Hex       6%         3d7       65%         4
 Iskenderun's Mystic Bla  Conj/Tloc      13%        2d5       65%         4
 Olgreb's Toxic Radiance  Pois           13%        N/A       65%         4
 Alistair's Intoxication  Tmut/Pois      8%         N/A       94%         5
 Blade Hands              Tmut           6%         N/A       94%         5
 Lee's Rapid Deconstruct  Erth           6%         3d6*      94%         5
 Iron Shot                Conj/Erth      6%         9d2       100%        6
 Ozocubu's Refrigeration  Ice            6%         4d8       100%        7
 Ignition                 Fire           6%         3d4       100%        8


Dungeon Overview and Level Annotations

Branches:
Dungeon (8/15)             Temple (1/1) D:6          Bailey (1/1)
   Lair: D:8-11

Altars:
Ashenzari
Cheibriados
Dithmenos
Elyvilon
Gozag
Hepliaklqana
Kikubaaqudgha
Makhleb
Nemelex Xobeh
Okawaru
Qazlal
Ru
Sif Muna
Trog
Uskayaw
Vehumet
Wu Jian
Xom
The Shining One

Shops:
D:4 !   D:6 [

Annotations:
D:6 3 runed translucent doors, IdlyInterested's ghost, novice DsWn


Innate Abilities, Weirdness & Mutations

You have very sharp teeth.
Your uncanny sense of smell can sniff out nearby items.
Your experience applies equally to all skills.


Message History

The human is almost dead.
The human hits you with a +0 war axe. The human closely misses you.
You hit the human.
You kill the human!
The human hits you but does no damage.
You hit the human but do no damage.
The human writhes in agony.
You bite the human, but do no damage.
The human is lightly wounded.
The human barely misses you.
The human hits you with a +2 vorpal hand axe!
* * * LOW HITPOINT WARNING * * *
x2 You closely miss the human.
Your bite misses the human. You hit the human but do no damage.
The human writhes in agony.
The human is lightly wounded.
The human hits you with a +2 vorpal hand axe.
* * * LOW HITPOINT WARNING * * *
x2 The human hits you with a +0 war axe.
* * * LOW HITPOINT WARNING * * *
You feel much better. The human misses you. x2
You closely miss the human.
The human is lightly wounded.
The human hits you with a +2 vorpal hand axe.
The human hits you with a +0 war axe.
You hit the human.
The human is lightly wounded.
The human hits you with a +2 vorpal hand axe.
The human hits you with a +0 war axe.
You hit the human but do no damage.
The human writhes in agony.
The human is moderately wounded.
The human hits you with a +2 vorpal hand axe!
* * * LOW HITPOINT WARNING * * *
x2 The human hits you with a +0 war axe!
* * * LOW HITPOINT WARNING * * *
You feel better.
The human hits you with a +2 vorpal hand axe.
* * * LOW HITPOINT WARNING * * *
x2 The human misses you.
There is a gate leading back out of this place here.
The human hits you with a +2 vorpal hand axe!
You die...

##'####..#
##~~~##...#
#~~~~~#...#
#~~~~~#...##
#~~~~~#))..#
##~~#'#)#......
####..p##....#
#...p.######
#.∩.@.# #.....#
##...## #####


You could see 2 humans.

Vanquished Creatures
  A hornet (D:7)
  A wraith (D:7)
  A human (Bailey)
  Menkaure (D:7)
  3 sky beasts
  A black bear (D:5)
  A centaur (D:7)
  3 ogres
  2 phantoms
  4 bullfrogs
  A necrophage (D:5)
  A scorpion (D:6)
  3 killer bees
  A howler monkey (D:6)
  A crimson imp (D:5)
  5 hounds
  A jelly (D:4)
  2 orc priests (D:4)
  A gnoll bouda (D:6)
  2 iguanas
  5 orc wizards
  18 gnolls
  2 adders (D:5)
  2 shadow imps
  2 ufetubi
  3 worms
  6 dart slugs
  23 orcs
  3 ball pythons (D:1)
  9 endoplasms
  11 giant cockroaches
  14 goblins
  6 hobgoblins
  9 jackals
  2 quokkas
  5 bats
  6 frilled lizards
  7 kobolds
  4 rats
173 creatures vanquished.

Vanquished Creatures (others)
  6 fungi (D:7)
  8 plants (D:5)
14 creatures vanquished.

Grand Total: 187 creatures vanquished

Notes
Turn   | Place    | Note
-------+----------+-------------------------------------------
     0 | D:1      | Lobster4 the Gnoll Hunter began the quest for the Orb.
     0 | D:1      | Reached XP level 1. HP: 20/20 MP: 1/1
    94 | D:1      | Reached XP level 2. HP: 22/26 MP: 2/2
   195 | D:1      | Reached XP level 3. HP: 31/31 MP: 3/3
   299 | D:1      | Reached skill level 1 in Invocations
   590 | D:2      | Reached skill level 1 in Short Blades
   590 | D:2      | Reached skill level 1 in Long Blades
   590 | D:2      | Reached skill level 1 in Axes
   590 | D:2      | Reached skill level 1 in Maces & Flails
   590 | D:2      | Reached skill level 1 in Polearms
   590 | D:2      | Reached skill level 1 in Staves
   590 | D:2      | Reached skill level 1 in Throwing
   590 | D:2      | Reached skill level 1 in Armour
   590 | D:2      | Reached skill level 1 in Shields
   590 | D:2      | Reached skill level 1 in Unarmed Combat
   590 | D:2      | Reached skill level 1 in Spellcasting
   590 | D:2      | Reached skill level 1 in Evocations
   790 | D:2      | Reached XP level 4. HP: 34/38 MP: 5/5
  1007 | D:2      | Found a faded altar of an unknown god.
  1192 | D:2      | Found an ancient bone altar of Kikubaaqudgha.
  1500 | D:3      | Reached skill level 1 in Conjurations
  1500 | D:3      | Reached skill level 1 in Hexes
  1500 | D:3      | Reached skill level 1 in Summonings
  1500 | D:3      | Reached skill level 1 in Necromancy
  1500 | D:3      | Reached skill level 1 in Translocations
  1500 | D:3      | Reached skill level 1 in Transmutations
  1500 | D:3      | Reached skill level 1 in Fire Magic
  1500 | D:3      | Reached skill level 1 in Ice Magic
  1500 | D:3      | Reached skill level 1 in Air Magic
  1500 | D:3      | Reached skill level 1 in Earth Magic
  1500 | D:3      | Reached skill level 1 in Poison Magic
  1615 | D:3      | Reached XP level 5. HP: 43/43 MP: 7/7
  2312 | D:4      | Noticed a phantom
  2325 | D:4      | Killed a phantom
  2326 | D:4      | Reached XP level 6. HP: 45/50 MP: 8/8
  2330 | D:4      | Reached skill level 5 in Fighting
  2330 | D:4      | Reached skill level 5 in Dodging
  2495 | D:4      | Found Duakkearr's Distillery.
  2517 | D:4      | Bought a potion of lignification for 39 gold pieces
  2794 | D:4      | Learned a level 1 spell: Apportation
  2869 | D:4      | Reached XP level 7. HP: 56/56 MP: 10/10
  3142 | D:5      | Entered Level 5 of the Dungeon
  3195 | D:5      | Found the +4 dagger "Morg" {pain, Will+ Int+5}
  3259 | D:5      | Reached skill level 9 in Ranged Weapons
  3420 | D:5      | Found a hide-covered altar of Uskayaw.
  3568 | D:5      | Found a radiant altar of Vehumet.
  3568 | D:5      | Found a burning altar of Makhleb.
  3839 | D:5      | Reached XP level 8. HP: 31/63 MP: 12/12
  4120 | D:5      | Found a white marble altar of Elyvilon.
  4524 | D:6      | Found a shimmering blue altar of Sif Muna.
  4550 | D:6      | Found Imaun's Antique Armour Boutique.
  4570 | D:6      | Found a broken altar of Ashenzari.
  4575 | D:6      | Found a staircase to the Ecumenical Temple.
  4588 | Temple   | Entered the Ecumenical Temple
  4858 | D:6      | Found a runed translucent gate.
  4859 | D:6      | Noticed IdlyInterested's ghost (novice DsWn)
  4861 | D:6      | Found a runed translucent gate.
  4861 | D:6      | Found a runed translucent gate.
  4954 | D:7      | Identified the +9 flail of Itiuxu {holy, rN+}
  5190 | D:7      | Noticed Menkaure
  5308 | D:7      | Noticed a hornet
  5314 | D:7      | Killed a hornet
  5315 | D:7      | Reached XP level 9. HP: 66/69 MP: 14/14
  6369 | D:7      | Killed Menkaure
  6370 | D:7      | Reached skill level 5 in Stealth
  6631 | D:8      | Reached skill level 5 in Invocations
  6652 | D:8      | Found a flagged portal.
  6669 | Bailey   | Entered a bailey
  6723 | Bailey   | HP: 2/71 [human/+0 war axe (10)]
  6728 | Bailey   | Slain by a human

Illustrated notes

Levels and vault maps discovered:
D:1:      pf_arrival_petrified_forest, layout_basic, minmay_misc_feat_iff
D:2:      layout_loops_ring, dreamdust_ecumenical_altar_statues, basic_altar,
          chequers_serial_rivers_small_b, chequers_avenue, grunt_decor_junction,
          minivault_5, hex_large
D:3:      minmay_roachtagon, layout_rooms, mrwooster_statue_mirror
D:4:      layout_rooms, serial_shops, nicolae_shop_window_shopping,
          minmay_fractal_squares_gapless_5
D:5:      layout_rooms, grunt_temple_overflow_lords_of_destruction,
          lemuel_doored_altar, nicolae_elyvilon_temple_path
D:6:      layout_rooms, lemuel_crystal_altar, nicolae_sif_muna_condensation,
          minmay_temple_entry_trees, gammafunk_ghost_necromancy, serial_shops,
          nicolae_diamond_shop
D:7:      layout_gridville, kennysheep_nub, minivault_26, dreamdust_gnoll_farm,
          uniq_menkaure
D:8:      layout_basic, enter_bailey_5, nicolae_two_hexagons,
          minmay_misc_feat_nine_boxes, kennysheep_generic_room_5
Temple:   cyrus_circular_temple
Bailey:   bailey_axe_froggy_fort_hellmonk, bailey

Skill      XL: |  1  2  3  4  5  6  7  8  9 |
---------------+----------------------------+-----
Invocations    | 1 2 3 4 5 |  5.2
Short Blades   | 1 2 3 4 |  4.7
Long Blades    | 1 2 3 4 |  4.7
Axes           | 1 2 3 4 |  4.7
Maces & Flails | 1 2 3 4 |  4.7
Polearms       | 1 2 3 4 |  4.7
Staves         | 1 2 3 4 |  4.7
Throwing       | 1 2 3 4 |  4.7
Armour         | 1 2 3 4 |  4.7
Shields        | 1 2 3 4 |  4.7
Unarmed Combat | 1 2 3 4 |  4.7
Spellcasting   | 1 2 3 4 |  4.7
Evocations     | 1 2 3 4 |  4.7
Conjurations   | 1 2 3 |  3.9
Hexes          | 1 2 3 |  3.9
Summonings     | 1 2 3 |  3.9
Necromancy     | 1 2 3 |  3.9
Translocations | 1 2 3 |  3.9
Transmutations | 1 2 3 |  3.9
Fire Magic     | 1 2 3 |  3.9
Ice Magic      | 1 2 3 |  3.9
Air Magic      | 1 2 3 |  3.9
Earth Magic    | 1 2 3 |  3.9
Poison Magic   | 1 2 3 |  3.9
Stealth        | 3 4 5 |  5.3
Fighting       | 5 6 |  6.6
Dodging        | 5 6 |  6.6
Ranged Weapons | 9 |  9.8

Action                   |  1- 3 |  4- 6 |  7- 9 || total
-------------------------+-------+-------+-------++-------
Melee: Dagger            |       |       |     9 ||     9
       Bite              |       |       |     1 ||     1
 Fire: Shortbow          |    90 |   185 |   402 ||   677
  Use: Scroll            |       |     8 |    11 ||    19
       Potion            |       |       |     4 ||     4
Armor: Ring mail         |    11 |    24 |    50 ||    85
       Skin              |       |       |     4 ||     4
Dodge: Dodged            |    21 |    35 |   178 ||   234

Table legend: (Time is in decaauts)
 A = Elapsed time spent in this place.
 B = Non-inter-level travel time spent in this place.
 C = Inter-level travel time spent in this place.
 D = Time resting spent in this place.
 E = Time spent auto-exploring this place.
 F = Levels seen in this place.
 G = Mean time per level.
                   A        B        C        D        E       F      G
               +--------+--------+--------+--------+--------+-----+--------+
         Total |   6856 |   6349 |    507 |   1108 |   3598 |  10 |  685.6 |
       Dungeon |   6728 |   6227 |    501 |   1108 |   3556 |   8 |  841.0 |
        Temple |     67 |     61 |      6 |      0 |     42 |   1 |   67.0 |
        Bailey |     59 |     59 |      0 |      0 |      0 |   1 |   59.0 |
               +--------+--------+--------+--------+--------+-----+--------+

Top non-repeatable levels by time:
     D:6: 1193 daAuts
     D:7: 1126 daAuts
     D:5: 1124 daAuts
     D:4: 966 daAuts
     D:3: 870 daAuts
     D:2: 851 daAuts
     D:1: 531 daAuts
  Temple: 67 daAuts
     D:8: 63 daAuts
  Bailey: 59 daAuts
